 Dungeon Crawl Stone Soup version 0.17.0-28-g6e173f8 (webtiles) character file.

11029 R18 the Severer (level 11, -1/88 HPs)
             Began as a Hill Orc Abyssal Knight on Dec 2, 2015.
             Was the Champion of Lugonu.
             Slain by an orc warrior
             ... wielding a +1 battleaxe of freezing
             ... led by an orc knight
              (23 damage)
             ... on level 3 of the Orcish Mines.
             The game lasted 00:42:45 (15643 turns).

R18 the Severer (Hill Orc Abyssal Knight)          Turns: 15643, Time: 00:42:45

Health: -1/88      AC: 19    Str: 12 (16) XL:     11   Next: 71%
Magic:  19/19      EV:  9    Int: 15      God:    Lugonu [******]
Gold:   1736       SH:  0    Dex:  5 (10) Spells: 0 memorised, 10 levels left

rFire  . . .     SeeInvis .     O - +0 battleaxe
rCold  . . .     Clarity  .     G - +4 scale mail of the Wilderness {rCorr}
rNeg   . . .     SustAt   .     (shield currently unavailable)
rPois  .         Gourm    .     (helmet restricted)
rElec  .         Spirit   .     s - +2 cloak
rCorr  +         Warding  .     (no gloves)
rMut   .         Stasis   .     S - +1 pair of boots
MR     .....                    (no amulet)
Stlth  ..........               g - ring of wizardry
                                l - ring of invisibility

@: drained, not resistant to hostile enchantments, extremely unstealthy
A: beak, deterioration 1, high mp 1
a: Depart the Abyss, Bend Space, Banish, Corrupt, Enter the Abyss, Brand Weapon
With Distortion, Renounce Religion, Evoke Invisibility


You were on level 3 of the Orcish Mines.
You worshipped Lugonu.
Lugonu was exalted by your worship.
You were not hungry.

You visited 3 branches of the dungeon, and saw 15 of its levels.
You visited the Abyss 1 time.

You collected 1801 gold pieces.
You spent 65 gold pieces at shops.

Inventory:

Hand Weapons
 b - a +0 trident
 e - a +0 hand crossbow
 t - a +2 hand axe of electrocution
 z - a +1 whip of electrocution
 C - a +0 dagger of distortion
 L - a +1 hand axe
 O - a +0 battleaxe (weapon)
Missiles
 h - 48 poisoned needles
 r - 23 tomahawks
 x - 4 throwing nets (quivered)
 B - 64 bolts
 N - 5 javelins
Armour
 s - a +2 cloak (worn)
 u - a +0 ice dragon armour
 G - the +4 scale mail of the Wilderness (worn) {rCorr}
   (You found it on level 6 of the Dungeon)

   It protects you from acid and corrosion.
 I - a +0 buckler
 R - the +2 helmet of the Present {rPois}
   (You found it on level 7 of the Dungeon)

   It protects you from poison.
 S - a +1 pair of boots (worn)
 X - a +0 plate armour
Jewellery
 g - a ring of wizardry (right hand)
 l - a ring of invisibility (left hand)
 T - an uncursed amulet of faith
Wands
 d - a wand of fireball (8)
 i - a wand of frost (16)
 j - a wand of flame (18)
 q - a wand of magic darts (3)
 w - a wand of flame (17)
 P - a wand of confusion (28)
 Q - a wand of polymorph (0)
 U - a wand of paralysis (6)
Scrolls
 f - 2 scrolls of teleportation
 k - 6 scrolls of identify
 n - 2 scrolls of noise
 p - a scroll of random uselessness
 y - 5 scrolls of remove curse
 M - 2 scrolls of recharging
 V - a scroll of amnesia
Potions
 F - 2 potions of lignification
 H - 2 potions of flight
Books
 o - a book of the Tempests

   Spells                             Type                      Level
   a - Static Discharge               Conjuration/Air              3
   b - Lightning Bolt                 Conjuration/Air              5
   c - Fireball                       Conjuration/Fire             5
   d - Tornado                        Air                          9
   e - Shatter                        Earth                        9
 A - a book of Debilitation

   Spells                             Type                      Level
   a - Corona                         Hexes                        1
   b - Slow                           Hexes                        2
   c - Gell's Gravitas                Hexes/Translocation          3
   d - Inner Flame                    Hexes/Fire                   3
   e - Cause Fear                     Hexes                        4
   f - Leda's Liquefaction            Hexes/Earth                  4
Comestibles
 c - 2 bread rations
 m - 4 meat rations
 J - 8 beef jerkies


   Skills:
 + Level 5.3 Fighting
 * Level 15.5(15.4) Axes
 - Level 1.5 Crossbows
 + Level 12.0(11.9) Armour
 - Level 0.7(0.6) Dodging
 - Level 8.7(8.6) Invocations


You had 10 spell levels left.
You didn't know any spells.

Dungeon Overview and Level Annotations

Branches:
Dungeon (10/15)            Temple (1/1) D:4             Orc (4/4) D:10
    Elf (0/3) Orc:3
   Lair: D:8-11

Altars:
Ashenzari
Cheibriados
Elyvilon
Fedhas
Gozag
Kikubaaqudgha
Makhleb
Nemelex Xobeh
Okawaru
Qazlal
Ru
Sif Muna
Trog
Vehumet
Xom
Yredelemnul
Zin
The Shining One
Lugonu

Shops:
Orc:1 !

Annotations:
D:9 subsebi's ghost, novice DsCK
Temple corrupted


Innate Abilities, Weirdness & Mutations

You have a beak for a mouth.
Your body sometimes deteriorates upon taking damage.
You have an increased reservoir of magic (+10% MP).


Message History

You kill the orc!
Lugonu accepts your kill.
The orc warrior hits you with a battleaxe of freezing.
* * * LOW HITPOINT WARNING * * *
The orc warrior freezes you.
* * * LOW HITPOINT WARNING * * *
Drink which item? (? for menu, Esc to quit)
You feel much better.
The orc warrior hits you but does no damage.
You closely miss the orc warrior.
Unknown command.
You completely miss the orc warrior.
The orc warrior hits you with a battleaxe of freezing!
* * * LOW HITPOINT WARNING * * *
The orc warrior freezes you.
* * * LOW HITPOINT WARNING * * *
You slash the orc warrior!
The orc warrior is moderately wounded.
The orc warrior hits you with a battleaxe of freezing!!
You die...

##............####.)##.......
##.........### #.).##......
#........### ####..##...>..
##.......## ##.##.).###.....
#........# ##.......# #.....
##........# #........# #..#..
#.........# #.≈.≈...## ##.##.
#........#####..≈≈≈.## #####
#........# #.@..≈≈≈.≈## #
##.......###[o.≈≈≈....# #
#.....)......#.......# #
#............#..#......# ####
#...)))..##.###≈###....#
##.#. #.........### ### ....
#.... #..........## ... ##...
##....o.†...### .. ###.
#.....[......# . ##


You could see an orc warrior.

Vanquished Creatures
  Harold (D:10)
  An unseen horror (D:10)
  An orc knight (Orc:1)
  Pikel (D:5)
  Psyche (D:8)
  2 trolls
  The ghost of futacatgirl the Sneak, an amateur OpMo of Cheibriados (D:4)
  A trapdoor spider zombie (D:10)
  A wyvern (D:9)
  2 humans (D:7)
  A deep elf mage (D:10)
  2 hungry ghosts
  A hippogriff (D:8)
  3 wargs
  2 ice beasts
  A phantom (D:4)
  A black bear (D:7)
  6 ogres
  2 necrophages
  3 centaurs
  16 orc warriors
  2 wasps
  6 giant frogs
  A wyvern zombie (D:10)
  5 killer bees (D:8)
  A scorpion (D:6)
  A crimson imp (D:10)
  A giant frog zombie (D:5)
  2 giant frog skeletons
  6 iguanas
  30 orc priests
  Ijyb (D:2)
  4 hounds
  26 orc wizards
  6 worker ants
  2 hound zombies
  2 hound skeletons
  18 adders
  10 gnolls
  2 shadow imps
  An ooze (D:3)
  3 worms
  4 giant geckos
  175 orcs
  8 bats
  8 giant cockroaches
  18 hobgoblins
  3 jackals (D:4)
  6 quokkas
  9 giant newts
  15 goblins
  9 kobolds
  7 rats
442 creatures vanquished.

Vanquished Creatures (others)
  A sky beast (D:5)
  2 slaves (D:5)
  3 orcs (D:5)
6 creatures vanquished.

Grand Total: 448 creatures vanquished

Notes
Turn   | Place    | Note
--------------------------------------------------------------
     0 | Abyss:1  | R18 the Hill Orc Abyssal Knight began the quest for the Orb.
     0 | Abyss:1  | Reached XP level 1. HP: 19/19 MP: 2/2
    46 | Abyss:1  | Noticed a wolf spider simulacrum
    48 | D:1      | Escaped the Abyss
   437 | D:1      | Reached XP level 2. HP: 16/26 MP: 3/3
   670 | D:1      | Reached * piety under Lugonu
  1208 | D:1      | Reached skill level 4 in Axes
  1328 | D:2      | Reached XP level 3. HP: 28/31 MP: 4/4
  1445 | D:2      | Reached XP level 4. HP: 35/39 MP: 5/5
  1500 | D:2      | Found a sacrificial altar of Ru.
  1571 | D:2      | Reached skill level 5 in Axes
  1645 | D:2      | Found an opulent altar of Gozag.
  1645 | D:2      | Noticed Ijyb
  1673 | D:2      | Killed Ijyb
  1809 | D:2      | Reached XP level 5. HP: 45/45 MP: 6/6
  2036 | D:2      | Found a deep blue altar of Sif Muna.
  2036 | D:2      | Found a stormy altar of Qazlal.
  2368 | D:3      | Reached skill level 6 in Axes
  2383 | D:3      | Reached ** piety under Lugonu
  2736 | D:3      | Found a blossoming altar of Fedhas.
  2785 | D:3      | Found a shimmering altar of Xom.
  2836 | D:3      | Found a burning altar of Makhleb.
  3099 | D:4      | Reached XP level 6. HP: 46/51 MP: 7/7
  3137 | D:4      | Reached skill level 7 in Axes
  3354 | D:4      | Found a sparkling altar of Nemelex Xobeh.
  3570 | D:4      | Noticed futacatgirl's ghost (amateur OpMo)
  3629 | D:4      | Killed futacatgirl's ghost
  3629 | D:4      | Reached skill level 8 in Axes
  3629 | D:4      | Reached skill level 5 in Armour
  3629 | D:4      | Reached XP level 7. HP: 36/57 MP: 8/8
  3634 | D:4      | Reached *** piety under Lugonu
  4282 | D:4      | Reached skill level 9 in Axes
  4597 | D:4      | Found a staircase to the Ecumenical Temple.
  4716 | D:5      | Entered Level 5 of the Dungeon
  4943 | D:5      | Noticed Pikel
  4980 | D:5      | Killed Pikel
  4980 | D:5      | Reached skill level 10 in Axes
  4980 | D:5      | Reached XP level 8. HP: 38/64 MP: 9/9
  5003 | D:5      | Reached skill level 11 in Axes
  5323 | D:5      | Found a glowing silver altar of Zin.
  5533 | D:5      | Found a bloodstained altar of Trog.
  5908 | D:6      | Reached skill level 1 in Crossbows
  5935 | D:6      | Got a twisted scale mail
  5946 | D:6      | Identified the +4 scale mail of the Wilderness {rCorr} (You found it on level 6 of the Dungeon)
  6314 | D:6      | Reached XP level 9. HP: 70/70 MP: 10/10
  6676 | D:7      | Reached **** piety under Lugonu
  6820 | D:7      | Found an iron altar of Okawaru.
  6961 | D:7      | Reached skill level 12 in Axes
  6982 | D:7      | Found a glowing golden altar of the Shining One.
  7017 | D:7      | Got an ichor-stained helmet
  7018 | D:7      | Identified the +2 helmet of the Present {rPois} (You found it on level 7 of the Dungeon)
  7289 | D:8      | Reached skill level 5 in Invocations
  7626 | D:8      | Noticed Psyche
  7659 | D:8      | Reached XP level 10. HP: 35/77 MP: 14/14
  7938 | D:8      | Reached skill level 10 in Armour
  8002 | D:8      | Found a snail-covered altar of Cheibriados.
  8284 | D:8      | Killed Psyche
  8757 | Temple   | Entered the Ecumenical Temple
  8845 | Temple   | Corrupted Temple
  8845 | Temple   | Noticed a tentacled starspawn
  8845 | Temple   | Noticed a blizzard demon
  8845 | Temple   | Noticed an ice devil
  8859 | Temple   | Noticed a tentacled starspawn
  9334 | D:9      | Gained mutation: You have a beak for a mouth. [potion of mutation]
  9334 | D:9      | Gained mutation: You have an increased reservoir of magic (+10% MP). [potion of mutation]
  9334 | D:9      | Gained mutation: Your body sometimes deteriorates upon taking damage. [potion of mutation]
  9528 | D:9      | Noticed subsebi's ghost (novice DsCK)
  9894 | D:9      | Found a shimmering altar of Xom.
 10046 | D:10     | Entered Level 10 of the Dungeon
 10072 | D:10     | Reached skill level 13 in Axes
 10477 | D:10     | Killed an unseen horror
 11020 | D:10     | Reached skill level 14 in Axes
 11020 | D:10     | Reached XP level 11. HP: 68/82 MP: 18/18
 11144 | D:10     | Noticed Harold
 11153 | D:10     | Killed Harold
 11453 | D:10     | Found a staircase to the Orcish Mines.
 11468 | Orc:1    | Entered Level 1 of the Orcish Mines
 11604 | Orc:1    | Reached ***** piety under Lugonu
 11970 | Orc:1    | Noticed an orc knight
 11985 | Orc:1    | Killed an orc knight
 12340 | Orc:3    | Found a staircase to the Elven Halls.
 12447 | Orc:4    | Entered Level 4 of the Orcish Mines
 12727 | Orc:4    | HP: 4/84 [orc priest/divine providence (11)]
 13243 | Orc:4    | Reached skill level 15 in Axes
 13539 | Orc:4    | HP: 3/85 [orc warrior/glaive (13)]
 14163 | Orc:4    | Noticed a sun demon
 14569 | Orc:2    | Reached ****** piety under Lugonu
 14572 | Orc:2    | Noticed an orc high priest
 14574 | Orc:2    | Noticed a sun demon
 14576 | Orc:2    | Noticed a sun demon
 14737 | Orc:1    | Reached skill level 5 in Fighting
 14833 | Orc:1    | Found a burning altar of Makhleb.
 14859 | Orc:1    | Found Gaykitug's Distillery.
 15288 | Orc:1    | Bought a potion of heal wounds for 65 gold pieces
 15643 | Orc:3    | Slain by an orc warrior

Action                   |  1- 3 |  4- 6 |  7- 9 | 10-12 || total
-------------------------+-------+-------+-------+-------++-------
Melee: Hand axe          |   125 |   288 |   381 |       ||   794
       War axe           |       |       |   247 |   213 ||   460
       Battleaxe         |       |       |       |   654 ||   654
Throw: Javelin           |       |       |       |     2 ||     2
       Throwing net      |       |       |       |     1 ||     1
Invok: Depart the Abyss  |     1 |       |       |       ||     1
       Corrupt           |       |       |       |     1 ||     1
       Banish            |       |       |       |     1 ||     1
Evoke: Wand              |       |     8 |       |    15 ||    23
  Use: Scroll            |     1 |     5 |    11 |    11 ||    28
       Potion            |     1 |     4 |     1 |    12 ||    18
 Stab: Paralysed         |       |       |       |     7 ||     7
       Confused          |       |       |       |     1 ||     1
  Eat: Chunk             |     2 |     7 |     9 |    20 ||    38
       Beef jerky        |       |       |     1 |       ||     1
       Meat ration       |       |       |     1 |       ||     1
       Bread ration      |       |       |     4 |     3 ||     7
       Pizza             |       |       |       |     1 ||     1
